 Dungeon Crawl Stone Soup version 0.17.0-28-g6e173f8 (webtiles) character file.

255 M4edhros the Sneak (level 6, 0/38 HPs)
             Began as an Octopode Artificer on Nov 29, 2015.
             Slain by a hound (5 damage)
             ... on level 4 of the Dungeon.
             The game lasted 00:03:53 (2656 turns).

M4edhros the Sneak (Octopode Artificer)             Turns: 2656, Time: 00:03:53

Health: 0/38       AC:  1    Str: 11    XL:     6   Next: 15%
Magic:  10/10      EV: 12    Int: 16    God:
Gold:   168        SH:  0    Dex: 12    Spells: 0 memorised, 5 levels left

rFire  . . .     SeeInvis .     a - +0 short sword
rCold  . . .     Clarity  .     (no shield)
rNeg   + . .     SustAt   .     (helmet restricted)
rPois  .         Gourm    .     (no amulet)
rElec  .         Spirit   .     h - ring of positive energy
rCorr  .         Warding  .     (no ring)
rMut   .         Stasis   .     (no ring)
MR     .....                    (no ring)
Stlth  ++++......               (no ring)
                                (no ring)
                                (no ring)
                                (no ring)

@: not resistant to hostile enchantments, stealthy
A: almost no armour, amphibious, 8 rings, constrict 8, fangs 1, camouflage 1,
blurry vision 1, gelatinous body 1
a: no special abilities


You were on level 4 of the Dungeon.
You were not hungry.

You visited 1 branch of the dungeon, and saw 4 of its levels.

You collected 168 gold pieces.

Inventory:

Hand Weapons
 a - a +0 short sword (weapon)
Missiles
 n - 79 stones (quivered)
Armour
 o - a +0 buckler
Jewellery
 h - a ring of positive energy (left tentacle)
Wands
 b - a wand of flame (13)
 c - a wand of enslavement (11)
 d - a wand of random effects (12)
Scrolls
 j - 3 scrolls of magic mapping
 k - 2 scrolls of enchant weapon
 p - a scroll of teleportation
Comestibles
 e - 4 bread rations
 f - 2 chunks of flesh
 g - 3 fruits
 i - a meat ration
 q - a royal jelly


   Skills:
 - Level 1.0 Fighting
 - Level 1.0 Short Blades
 - Level 2.0 Dodging
 + Level 6.1 Stealth
 + Level 5.6 Evocations


You had 5 spell levels left.
You didn't know any spells.

Dungeon Overview and Level Annotations

Branches:
Dungeon (4/15)
 Temple: D:4-7

Altars:
Trog


Innate Abilities, Weirdness & Mutations

You cannot wear most types of armour.
You are amphibious.
You can wear up to eight rings at the same time.
You can use your tentacles to constrict eight enemies at once.
Your skin changes colour to match your surroundings (Stealth).
Your rubbery body absorbs attacks (AC +1).
You have very sharp teeth.
Scrolls take you a little longer to read.


Message History

Press: ? - help, Shift-Dir - straight line, f - hound
Aim: a hound The puff of frost misses the hound.
This wand has 13 charges left.
The hound misses you. The hound barely misses you.
Evoke which item? (* to show all) (? for menu, Esc to quit)
Zapping:
d - a wand of random effects (13)
Press: ? - help, Shift-Dir - straight line, f/p - hound
Aim: a hound The puff of frost misses the hound.
This wand has 12 charges left.
The hound bites you.
* * * LOW HITPOINT WARNING * * *
You closely miss the hound. Your grab misses the hound. You bite the hound.
The hound is lightly wounded.
The hound barely misses you. The hound misses you.
You hit the hound. Your grab misses the hound. Your squeeze misses the hound.
The hound is heavily wounded.
The hound bites you.
* * * LOW HITPOINT WARNING * * *
The hound bites you.
You die...

. . #######. ###......
.......#
###.#####.###.#
#.....[h@.$รท..##..#
.....#####.##..##..##
##.# #.##..##...# ...
#. #..#..##.#.# ... ..#
#..#..##.#.# .h. ..
#..#..##.#.# #.#
#.#........#.######
#.##
(###..................
#l.
#...........#.#..######


You could see a hound.

Vanquished Creatures
  3 orc wizards
  Jessica (D:2)
  2 iguanas (D:4)
  4 adders
  An ooze (D:1)
  A worm (D:2)
  7 orcs
  5 bats
  2 giant cockroaches
  A hobgoblin (D:1)
  6 jackals
  8 kobolds
  A quokka (D:2)
  A giant newt (D:4)
  5 goblins
  5 rats
53 creatures vanquished.

Vanquished Creatures (collateral kills)
  3 orcs
  A kobold (D:3)
4 creatures vanquished.

Vanquished Creatures (others)
  2 adders (D:3)
2 creatures vanquished.

Grand Total: 59 creatures vanquished

Notes
Turn   | Place    | Note
--------------------------------------------------------------
     0 | D:1      | M4edhros the Octopode Artificer began the quest for the Orb.
     0 | D:1      | Reached XP level 1. HP: 13/13 MP: 3/3
   131 | D:1      | Reached XP level 2. HP: 12/18 MP: 4/4
   995 | D:1      | Reached XP level 3. HP: 23/23 MP: 5/5
  1059 | D:2      | Reached skill level 4 in Evocations
  1277 | D:2      | Noticed Jessica
  1292 | D:2      | Killed Jessica
  1292 | D:2      | Reached XP level 4. HP: 20/28 MP: 7/7
  1355 | D:2      | Gained mutation: Scrolls take you a little longer to read. [potion of mutation]
  1355 | D:2      | Gained mutation: You are frail (-10% HP). [potion of mutation]
  1356 | D:2      | Gained mutation: Scrolls take you longer to read. [potion of mutation]
  1357 | D:2      | Gained mutation: You are partially covered in slimy green scales (AC +2). [potion of mutation]
  1357 | D:2      | Gained mutation: You have very sharp teeth. [potion of mutation]
  1357 | D:2      | Gained mutation: You evolve. [potion of mutation]
  1359 | D:2      | Lost mutation: You are frail (-10% HP). [potion of cure mutation]
  1359 | D:2      | Lost mutation: Scrolls take you longer to read. [potion of cure mutation]
  1359 | D:2      | Lost mutation: You are partially covered in slimy green scales (AC +2). [potion of cure mutation]
  1359 | D:2      | Lost mutation: You evolve. [potion of cure mutation]
  1432 | D:2      | Noticed a moth of wrath
  1435 | D:2      | Found a bloodstained altar of Trog.
  2112 | D:3      | Reached XP level 5. HP: 20/33 MP: 8/8
  2144 | D:4      | Reached skill level 5 in Stealth
  2144 | D:4      | Reached skill level 5 in Evocations
  2312 | D:4      | Reached XP level 6. HP: 4/38 MP: 10/10
  2622 | D:4      | Reached skill level 6 in Stealth
  2656 | D:4      | Slain by a hound

Action                   |  1- 3 |  4- 6 || total
-------------------------+-------+-------++-------
Melee: Short sword       |    61 |    67 ||   128
Evoke: Wand              |     1 |     8 ||     9
  Use: Potion            |       |    10 ||    10
       Scroll            |       |     5 ||     5
 Stab: Sleeping          |     8 |     6 ||    14
  Eat: Chunk             |       |     3 ||     3
       Meat ration       |       |     1 ||     1
